 Dungeon Sprint DCSS version 0.28-a0-973-ga7f8b01127 (webtiles) character file.

Game seed: 199277559896128544

18041 tatocazan the Impaler (level 12, -6/122 HPs)
             Began as a Minotaur Fighter on Dec 1, 2021.
             Was the Champion of the Shining One.
             Mangled by a sun demon (16 damage)
             ... summoned by an orc high priest
             ... in the Dungeon (Sprint IX: "|||||||||||||||||||||||||||||").
             The game lasted 00:05:34 (2948 turns).

tatocazan the Impaler (Minotaur Fighter)            Turns: 2948, Time: 00:05:35

Health: -6/122     AC: 22    Str: 29    XL:     12   Next: 24%
Magic:  19/19      EV: 13    Int:  5    God:    the Shining One [******]
Gold:   1829       SH:  0    Dex: 10    Spells: 11/11 levels left

rFire   . . .      SeeInvis .   l - +2 halberd (venom)
rCold   . . .      Faith    .   (shield currently unavailable)
rNeg    + + +      Spirit   .   o - +1 chain mail
rPois   .          Reflect  .   g - +1 hat
rElec   .          Harm     .   n - +0 cloak
rCorr   .          Rampage  .   x - +0 pair of gloves
Will    .....      NoTele   +   w - +0 pair of boots
Stlth   ..........              (no amulet)
HPRegen 0.30/turn               p - +3 ring of strength
MPRegen 0.16/turn               q - +2 ring of protection

@: glowing
A: horns 2, retaliatory headbutt
a: Renounce Religion, Divine Shield, Cleansing Flame, Summon Divine Warrior,
Brand Weapon With Holy Wrath


You were in the Dungeon.
You worshipped the Shining One.
The Shining One was exalted by your worship.
You visited 1 branch You collected 1829 gold pieces.

Inventory:

Hand Weapons
 a - a +0 trident
 l - a +2 halberd of venom (weapon)
 m - a +4 quarterstaff of speed
Missiles
 z - 4 curare-tipped darts (quivered)
Armour
 c - a +0 buckler
 g - a +1 hat (worn)
 n - a +0 cloak (worn)
 o - a +1 chain mail (worn)
 w - a +0 pair of boots (worn)
 x - a +0 pair of gloves (worn)
Jewellery
 p - a +3 ring of strength (left hand)
 q - a +2 ring of protection (right hand)
Wands
 k - a wand of iceblast (10)
 y - a wand of mindburst (13)
Scrolls
 i - 3 scrolls of amnesia
 j - 2 scrolls of blinking
 r - 2 scrolls of identify
 s - 4 scrolls of enchant weapon
 u - 2 scrolls of enchant armour
 v - a scroll of fog
Potions
 b - a potion of brilliance
 d - a potion of might
 e - 2 potions of berserk rage
 f - 5 potions of curing
 h - 4 potions of magic


   Skills:
 + Level 15.6 Fighting
 - Level 19.9 Polearms
 + Level 15.5 Armour
 + Level 12.5 Dodging
 + Level 15.7 Shields
 * Level 11.4 Invocations


You had 11 spell levels left.
You didn't know any spells.
Your spell library was empty.

Dungeon Overview and Level Annotations

Branches:
Dungeon (1/1)

Altars:
Cheibriados
Dithmenos
Elyvilon
Fedhas
Gozag
Hepliaklqana
Kikubaaqudgha
Makhleb
Nemelex Xobeh
Okawaru
Qazlal
Ru
Sif Muna
Trog
Uskayaw
Vehumet
Wu Jian
Xom
Yredelemnul
Zin
The Shining One
Beogh
Jiyva
Lugonu

Shops:
D ::(!


Innate Abilities, Weirdness & Mutations

You have a pair of horns on your head.
You reflexively headbutt those who attack you in melee.


Message History

You take 25 damage, and have 97/122 hp.
MASSIVE DAMAGE!!
You slash the sun demon! Your headbutt misses the sun demon.
The sun demon is heavily wounded.
The sun demon hits you but does no damage.
You hit the sun demon.
The sun demon is heavily wounded.
The sun demon hits you!
You are engulfed in flames!
You take 21 damage, and have 76/122 hp.
You hit the sun demon but do no damage.
The sun demon is heavily wounded.
The orc high priest prays to Beogh.
The sun demon hits you!!
You are engulfed in flames!
You take 32 damage, and have 44/122 hp.
MASSIVE DAMAGE!!
You are too injured to fight recklessly!
You are too injured to fight recklessly!
You are too injured to fight recklessly!
You are too injured to fight recklessly!
You hit the sun demon.
The sun demon is heavily wounded.
You hit the sun demon but do no damage.
The sun demon looks even sicker.
The sun demon is heavily wounded.
The sun demon hits you!
* * * LOW HITPOINT WARNING * * *
You are engulfed in flames!
* * * LOW HITPOINT WARNING * * *
You take 31 damage, and have 13/122 hp.
MASSIVE DAMAGE!!
Okay, then.
As you read the scroll of fear, it crumbles to dust.
You assume a fearsome visage.
The sun demon looks frightened!
The rust devil looks frightened!
The smoke demon looks frightened!
The orc high priest looks frightened!
Cornered, the sun demon turns to fight!
Cornered, the rust devil turns to fight!
Cornered, the smoke demon turns to fight!
There is an entrance to Ohuy's Antique Weapon Emporium here.
Cornered, the orc high priest turns to fight!
The sun demon hits you.
* * * LOW HITPOINT WARNING * * *
You are engulfed in flames!
You die...

▓_▓.▓.▓.▓)▓
▓'▓.▓†▓.▓)▓
▓!▓.▓†▓.▓)▓
▓.▓.▓.▓†▓)▓
▓)▓.▓.▓.▓.▓
▓.▓.▓.▓.▓.▓
▓.▓.▓.▓.▓∩▓
▓[▓.▓.▓.▓.▓
▓.▓.▓.▓.▓@▓
▓.▓.▓.▓.▓3▓
▓[▓.▓[▓.▓∩▓
▓[▓.▓.▓.▓.▓
▓.▓.▓[▓.▓∩▓
▓.▓.▓.▓.▓.▓
▓.▓.▓'▓.▓o▓
▓.▓.▓.▓.▓4▓
▓.▓.▓.▓.▓$▓


You could see an orc high priest, a sun demon (summoned, very poisoned) and a
rust devil (summoned).

Vanquished Creatures
  Gastronok (D)
  2 hydras (D)
  Erolcha (D)
  A boulder beetle (D)
  2 orc high priests (D)
  Sonja (D)
  3 lindwurms (D)
  An orc sorcerer (D)
  A deep elf pyromancer (D)
  An ugly thing (D)
  6 cane toads (D)
  Joseph (D)
  3 komodo dragons (D)
  2 tyrant leeches (D)
  2 wraiths (D)
  3 yaks (D)
  3 water moccasins (D)
  3 acid dragons (D)
  11 orc warriors (D)
  A sky beast (D)
  An ogre (D)
  A wolf (D)
  A bullfrog (D)
  A scorpion (D)
  A killer bee (D)
  A howler monkey (D)
  An orc priest (D)
  An orc wizard (D)
  An adder (D)
  An ufetubus (D)
  3 worms (D)
  2 orcs (D)
  A bat zombie (D)
  A goblin (D)
  A hobgoblin (D)
  A quokka (D)
  A ball python (D)
  A bat (D)
70 creatures vanquished.

Vanquished Creatures (collateral kills)
  7 orc high priests (D)
  4 orc warriors (D)
  4 orc priests (D)
  An orc wizard (D)
  3 orcs (D)
19 creatures vanquished.

Grand Total: 89 creatures vanquished

Notes
Turn   | Place    | Note
-------+----------+-------------------------------------------
     0 | D        | tatocazan the Minotaur Fighter began the quest for the Orb.
     0 | D        | Reached XP level 1. HP: 19/19 MP: 0/0
    14 | D        | Reached skill level 3 in Polearms
    37 | D        | Noticed a scorpion
    37 | D        | Noticed a sky beast
    37 | D        | Noticed an ogre
    43 | D        | Killed a scorpion
    44 | D        | Reached skill level 5 in Fighting
    44 | D        | Reached skill level 5 in Polearms
    44 | D        | Reached skill level 5 in Armour
    44 | D        | Reached skill level 5 in Shields
    44 | D        | Reached XP level 2. HP: 19/30 MP: 1/1
    44 | D        | Reached XP level 3. HP: 23/37 MP: 2/2
    51 | D        | Reached XP level 4. HP: 25/44 MP: 3/3
    56 | D        | Killed a sky beast
    57 | D        | Reached skill level 6 in Polearms
    57 | D        | Reached XP level 5. HP: 52/52 MP: 4/4
    59 | D        | Killed an ogre
    60 | D        | Reached skill level 7 in Polearms
    65 | D        | Found a snail-covered altar of Cheibriados.
    65 | D        | Found a shadowy altar of Dithmenos.
    65 | D        | Found a white marble altar of Elyvilon.
    65 | D        | Found a blossoming altar of Fedhas.
    65 | D        | Found an opulent altar of Gozag.
    66 | D        | Found a hazy altar of Hepliaklqana.
    67 | D        | Found a viscous altar of Jiyva.
    68 | D        | Found an ancient bone altar of Kikubaaqudgha.
    69 | D        | Found a corrupted altar of Lugonu.
    70 | D        | Found a burning altar of Makhleb.
    71 | D        | Found a sparkling altar of Nemelex Xobeh.
    72 | D        | Found an iron altar of Okawaru.
    73 | D        | Found a stormy altar of Qazlal.
    74 | D        | Found a sacrificial altar of Ru.
    75 | D        | Found a shimmering blue altar of Sif Muna.
    76 | D        | Found a bloodstained altar of Trog.
    77 | D        | Found a hide-covered altar of Uskayaw.
    78 | D        | Found a radiant altar of Vehumet.
    79 | D        | Found an ornate altar of the Wu Jian Council.
    80 | D        | Found a shimmering altar of Xom.
    81 | D        | Found a basalt altar of Yredelemnul.
    82 | D        | Found a glowing silver altar of Zin.
    83 | D        | Found a glowing golden altar of the Shining One.
    91 | D        | Became a worshipper of the Shining One
   136 | D        | Noticed an acid dragon
   136 | D        | Noticed a wraith
   136 | D        | Reached * piety under the Shining One
   136 | D        | Noticed a yak
   138 | D        | Reached ** piety under the Shining One
   141 | D        | Killed an acid dragon
   142 | D        | Reached skill level 8 in Polearms
   142 | D        | Reached XP level 6. HP: 37/62 MP: 4/6
   151 | D        | Killed a wraith
   152 | D        | Reached skill level 9 in Polearms
   155 | D        | Reached XP level 7. HP: 45/70 MP: 6/8
   158 | D        | Killed a yak
   159 | D        | Reached skill level 10 in Polearms
   323 | D        | Noticed a cyan ugly thing
   323 | D        | Reached *** piety under the Shining One
   323 | D        | Noticed a wraith
   323 | D        | Noticed a deep elf pyromancer
   323 | D        | Noticed a boulder beetle
   329 | D        | Killed a cyan ugly thing
   330 | D        | Reached skill level 10 in Fighting
   330 | D        | Reached skill level 11 in Polearms
   330 | D        | Reached skill level 10 in Armour
   330 | D        | Reached skill level 5 in Dodging
   330 | D        | Reached skill level 10 in Shields
   330 | D        | Reached XP level 8. HP: 37/79 MP: 8/10
   342 | D        | Reached skill level 5 in Invocations
   346 | D        | Killed a deep elf pyromancer
   347 | D        | Reached skill level 12 in Polearms
   350 | D        | Killed a boulder beetle
   351 | D        | Reached skill level 13 in Polearms
   351 | D        | Reached XP level 9. HP: 12/89 MP: 4/12
   351 | D        | Reached **** piety under the Shining One
   936 | D        | Noticed a cane toad
   936 | D        | Noticed a cane toad
   936 | D        | Noticed a cane toad
   936 | D        | Noticed a cane toad
   941 | D        | Noticed a cane toad
   943 | D        | Killed a cane toad
   947 | D        | Noticed a cane toad
   949 | D        | Killed a cane toad
   950 | D        | Reached skill level 14 in Polearms
   953 | D        | Killed a cane toad
   956 | D        | Killed a cane toad
   958 | D        | Killed a cane toad
   959 | D        | Reached XP level 10. HP: 65/99 MP: 11/14
   962 | D        | Killed a cane toad
   963 | D        | Reached skill level 15 in Polearms
  1335 | D        | Reached ***** piety under the Shining One
  1338 | D        | Noticed a four-headed hydra
  1354 | D        | Noticed a six-headed hydra
  1358 | D        | Killed a five-headed hydra
  1361 | D        | Reached skill level 16 in Polearms
  1381 | D        | Killed a six-headed hydra
  1557 | D        | Noticed a lindwurm
  1557 | D        | Noticed a lindwurm
  1557 | D        | Noticed a lindwurm
  1563 | D        | Reached ****** piety under the Shining One
  1570 | D        | Killed a lindwurm
  1571 | D        | Reached skill level 10 in Dodging
  1575 | D        | Killed a lindwurm
  1576 | D        | Reached XP level 11. HP: 79/108 MP: 16/16
  1580 | D        | Killed a lindwurm
  1581 | D        | Reached skill level 17 in Polearms
  1790 | D        | Noticed Gastronok
  1801 | D        | Killed Gastronok
  1892 | D        | Noticed Erolcha
  1894 | D        | Noticed Joseph
  1897 | D        | Killed Erolcha
  1903 | D        | Killed Joseph
  2000 | D        | Noticed Sonja
  2010 | D        | Killed Sonja
  2011 | D        | Reached skill level 18 in Polearms
  2011 | D        | Reached skill level 10 in Invocations
  2140 | D        | Noticed an orc sorcerer
  2159 | D        | Killed an orc sorcerer
  2335 | D        | Noticed an orc high priest
  2352 | D        | Killed an orc high priest
  2427 | D        | Found Mannoqas's Book Emporium.
  2427 | D        | Noticed an orc high priest
  2427 | D        | Noticed an orc high priest
  2427 | D        | Noticed an orc high priest
  2427 | D        | Noticed an orc high priest
  2427 | D        | Noticed an orc high priest
  2435 | D        | Killed an orc high priest
  2436 | D        | Reached skill level 15 in Fighting
  2436 | D        | Reached skill level 19 in Polearms
  2436 | D        | Reached skill level 15 in Shields
  2440 | D        | Killed an orc high priest
  2441 | D        | Reached skill level 15 in Armour
  2447 | D        | Killed an orc high priest
  2453 | D        | Killed an orc high priest
  2454 | D        | Reached XP level 12. HP: 57/121 MP: 8/19
  2456 | D        | Noticed an orc high priest
  2461 | D        | Killed an orc high priest
  2465 | D        | Killed an orc high priest
  2471 | D        | Noticed an orc high priest
  2488 | D        | Killed an orc high priest
  2583 | D        | Noticed an orc high priest
  2590 | D        | Killed an orc high priest
  2917 | D        | Found Ossuqoack's Book Shoppe.
  2921 | D        | Found Ohuy's Antique Weapon Emporium.
  2925 | D        | Found Pufuunah's Distillery.
  2932 | D        | Noticed an orc high priest
  2948 | D        | Mangled by a sun demon

Illustrated notes

Levels and vault maps discovered:
D:        linesprint [early_d, line_temple, items_1, d_10, items_2, lair_1,
          lair_end, items_3, orc_1, orc_end, items_4, d_15, swamp_1, shoals_1,
          snake_1, spider_1, d_20, vaults_1, items_5, swamp_end, shoals_end,
          snake_end, spider_end, vaults_end, d_27, items_6, zot_1, zot_end,
          crypt_end, forest_end, elf_end, slime_end, tomb_end, abyss_end,
          pan_hell_end]

Skill      XL: |  1  2  3  4  5  6  7  8  9 10 11 |
---------------+----------------------------------+-----
Fighting       | 5 7 8 9 10 11 12 13 15 | 15.6
Armour         | 5 7 8 9 10 11 12 13 15 | 15.5
Shields        | 5 7 8 9 10 11 12 13 15 | 15.7
Polearms       | 5 6 8 9 11 13 14 16 19 | 19.9
Dodging        | 2 3 5 7 8 10 12 | 12.5
Invocations    | 2 3 4 6 7 9 11 | 11.4

Action                   |  1- 3 |  4- 6 |  7- 9 | 10-12 || total
-------------------------+-------+-------+-------+-------++-------
Melee: Trident           |    26 |     6 |       |       ||    32
       Headbutt          |     2 |     5 |    17 |    29 ||    53
       Halberd           |       |    17 |    49 |   162 ||   228
       Quarterstaff      |       |       |       |    13 ||    13
Invok: Cleansing Flame   |       |       |     1 |     3 ||     4
       Divine Shield     |       |       |     1 |     1 ||     2
       Summon Divine War |       |       |       |     1 ||     1
Evoke: Wand              |       |       |       |     3 ||     3
  Use: Potion            |     1 |     3 |     2 |     2 ||     8
       Scroll            |       |       |       |     1 ||     1
Armor: Scale mail        |     6 |     2 |       |       ||     8
       Chain mail        |       |     9 |    14 |    47 ||    70
Dodge: Dodged            |    13 |    13 |    16 |    41 ||    83
Block: Buckler           |     7 |     1 |       |       ||     8
       Other             |       |       |     2 |     1 ||     3

Table legend: (Time is in decaauts)
 A = Elapsed time spent in this place.
 B = Non-inter-level travel time spent in this place.
 C = Inter-level travel time spent in this place.
 D = Time resting spent in this place.
 E = Time spent auto-exploring this place.
 F = Levels seen in this place.
 G = Mean time per level.
                   A        B        C        D        E       F      G
               +--------+--------+--------+--------+--------+-----+--------+
         Total |   2886 |   2864 |     22 |   1683 |    625 |   1 | 2886.0 |
       Dungeon |   2886 |   2864 |     22 |   1683 |    625 |   1 | 2886.0 |
               +--------+--------+--------+--------+--------+-----+--------+

Top non-repeatable levels by time:
       D: 2886 daAuts
